NYP
CHICAGO (NYP) WHITE SOX @ TRI-CITY VALLEYCATS
08/11/2049
 
TOP OF THE 1ST
Chicago (NYP) White Sox batting - Pitching for Tri-City ValleyCats : RHP Hector Carrillo
Pitching: RHP Hector Carrillo
Batting: RHB Rafael Medina 0-0: Called Strike
0-1: SINGLE (Groundball, 4MD, EV 98.1 MPH)
Batting: SHB Danny Gallegos 0-0: Ball
1-0: Ball
Rafael Medina is caught stealing 2nd base 2-6
2-0: Bunt missed!
2-1: Ground out 5-3 (Groundball, 25, EV 86.2 MPH)
Batting: RHB Shintaro Katsumata 0-0: Foul Ball, location: 2F
0-1: Ball
1-1: Foul Ball, location: 2F
1-2: Foul Ball, location: 2F
1-2: SINGLE (Groundball, 6M, EV 98.1 MPH)
Batting: RHB Steve Byerly 0-0: Ball
1-0: Ball
Shintaro Katsumata is caught stealing 2nd base 2-4
Top of the 1st over - 0 runs, 2 hits, 0 errors, 0 left on base; Chicago (NYP) 0 - Tri-City 0
BOTTOM OF THE 1ST
Tri-City ValleyCats batting - Pitching for Chicago (NYP) White Sox : RHP Rick Sacket
Pitching: RHP Rick Sacket
Batting: RHB Patrick Pinault 0-0: Ground out 6-3 (Groundball, 6, EV 78.8 MPH)
Batting: RHB Hugo Priego 0-0: Called Strike
0-1: Swinging Strike
0-2: Strikes out swinging
Batting: RHB Josh Broome 0-0: Foul Ball, location: 2F
0-1: Ball
1-1: Ball
2-1: Foul Ball, location: 2F
2-2: SINGLE (Flyball, 3D, EV 92.5 MPH)
Batting: LHB Lou Toth 0-0: Ball
1-0: Fly out, F7 (Flyball, 7D, EV 96.9 MPH)
Bottom of the 1st over - 0 runs, 1 hit, 0 errors, 1 left on base; Chicago (NYP) 0 - Tri-City 0
TOP OF THE 2ND
Chicago (NYP) White Sox batting - Pitching for Tri-City ValleyCats : RHP Hector Carrillo
Batting: RHB Steve Byerly 0-0: Ball
1-0: Foul Ball, location: 2F
1-1: Ball
2-1: Fly out, F9 (Flyball, 89M, EV 87.5 MPH)
Batting: RHB Sean Peake 0-0: Fly out, F8 (Flyball, 78D, EV 83.8 MPH)
Batting: RHB Yorkis Saiki 0-0: SINGLE (Line Drive, 7S, EV 111.2 MPH)
Batting: SHB Manny Berrones 0-0: Fly out, F6 (Popup, 6MS, EV 63.1 MPH)
Top of the 2nd over - 0 runs, 1 hit, 0 errors, 1 left on base; Chicago (NYP) 0 - Tri-City 0
BOTTOM OF THE 2ND
Tri-City ValleyCats batting - Pitching for Chicago (NYP) White Sox : RHP Rick Sacket
Batting: RHB Roger Pelley 0-0: Swinging Strike
0-1: SINGLE (Groundball, 6MD, EV 104.4 MPH)
Batting: SHB Terciero Ortiz 0-0: Ball
1-0: Ball
2-0: Ball
3-0: Swinging Strike
3-1: Base on Balls
Roger Pelley to second
Batting: RHB John Moore 0-0: Called Strike
0-1: Ball
1-1: Foul Ball, location: 2F
1-2: Strikes out looking
Batting: RHB Keith Goodwin 0-0: Foul Ball, location: 2F
0-1: Ball
1-1: Foul Ball, location: 2F
1-2: Ball
2-2: Ball
3-2: Strikes out swinging
Batting: RHB Domingas Saragoa 0-0: Ball
1-0: Fly out, F9 (Flyball, 89M, EV 94.4 MPH)
Bottom of the 2nd over - 0 runs, 1 hit, 0 errors, 2 left on base; Chicago (NYP) 0 - Tri-City 0
TOP OF THE 3RD
Chicago (NYP) White Sox batting - Pitching for Tri-City ValleyCats : RHP Hector Carrillo
Batting: RHB Andy Huntley 0-0: Foul Ball, location: 2F
0-1: Ball
1-1: Ball
2-1: Ball
3-1: Base on Balls
Batting: RHB Ighlas Mwara 0-0: Ball
1-0: Ball
2-0: SINGLE (Groundball, 34D, EV 110.6 MPH)
Andy Huntley to second
Runner from 2nd tries for 3rd, SAFE, throw by RF made to third
Batting: RHB Rafael Medina 0-0: Ball
1-0: Ball
2-0: Fly out, F4 (Popup, 4S, EV 75.0 MPH)
Batting: SHB Danny Gallegos 0-0: Called Strike
Ighlas Mwara steals 2nd base
0-1: Foul Ball, location: 2F
0-2: Strikes out swinging
Batting: RHB Shintaro Katsumata 0-0: Ground out 6-3 (Groundball, 6, EV 104.4 MPH)
Top of the 3rd over - 0 runs, 1 hit, 0 errors, 2 left on base; Chicago (NYP) 0 - Tri-City 0
BOTTOM OF THE 3RD
Tri-City ValleyCats batting - Pitching for Chicago (NYP) White Sox : RHP Rick Sacket
Batting: RHB Patrick Pinault 0-0: Ball
1-0: Ball
2-0: Called Strike
2-1: DOUBLE (Groundball, 5L, EV 111.9 MPH)
Batting: RHB Hugo Priego 0-0: Foul Ball, location: 2F
0-1: Ball
1-1: Ball
2-1: Foul Ball, location: 2F
2-2: Ball
3-2: Base on Balls
Batting: RHB Josh Broome 0-0: Ball
1-0: Called Strike
1-1: Ball
2-1: Foul Ball, location: 2F
2-2: Fielders Choice at 2nd, 3-6 (Groundball, 34, EV 83.1 MPH)
Patrick Pinault to third
Batting: LHB Lou Toth 0-0: Ball
Josh Broome steals 2nd base (no throw)
1-0: Called Strike
1-1: Ball
2-1: Ball
3-1: Called Strike
3-2: Foul Ball, location: 2F
3-2: Strikes out swinging
Batting: RHB Roger Pelley 0-0: Ball
1-0: Ball
2-0: Called Strike
2-1: Ball
3-1: 3-RUN HOME RUN (Flyball, 9D, EV 91.9 MPH), Distance : 349 ft
Batting: SHB Terciero Ortiz 0-0: Foul Ball, location: 2F
0-1: SINGLE (Line Drive, 89S, EV 110.6 MPH)
Batting: RHB John Moore 0-0: Called Strike
0-1: Swinging Strike
0-2: Ball
1-2: Ground out 4-3 (Groundball, 34, EV 106.9 MPH)
Bottom of the 3rd over - 3 runs, 3 hits, 0 errors, 1 left on base; Chicago (NYP) 0 - Tri-City 3
TOP OF THE 4TH
Chicago (NYP) White Sox batting - Pitching for Tri-City ValleyCats : RHP Hector Carrillo
Batting: RHB Steve Byerly 0-0: Ball
1-0: Ball
2-0: Called Strike
2-1: Called Strike
2-2: Foul Ball, location: 2F
2-2: Foul Ball, location: 2F
2-2: Ball
3-2: Ground out 4-3 (Groundball, 34, EV 89.4 MPH)
Batting: RHB Sean Peake 0-0: Called Strike
0-1: Ball
1-1: Ball
2-1: Foul Ball, location: 2F
2-2: Ball
3-2: Foul Ball, location: 2F
3-2: Foul Ball, location: 2F
3-2: Fly out, F8 (Flyball, 8LS, EV 94.4 MPH)
Batting: RHB Yorkis Saiki 0-0: Ball
1-0: Called Strike
1-1: TRIPLE (Flyball, 89XD, EV 97.5 MPH)
Batting: SHB Manny Berrones 0-0: Called Strike
0-1: Ball
1-1: Fly out, F9 (Flyball, 9D, EV 107.5 MPH)
Top of the 4th over - 0 runs, 1 hit, 0 errors, 1 left on base; Chicago (NYP) 0 - Tri-City 3
BOTTOM OF THE 4TH
Tri-City ValleyCats batting - Pitching for Chicago (NYP) White Sox : RHP Rick Sacket
Batting: RHB Keith Goodwin 0-0: Foul Ball, location: 2F
0-1: Ground out 5-3 (Groundball, 56S, EV 86.2 MPH)
Batting: RHB Domingas Saragoa 0-0: Ground out 5-3 (Groundball, 5, EV 83.1 MPH)
Batting: RHB Patrick Pinault 0-0: Ball
1-0: Ball
2-0: Ball
3-0: Called Strike
3-1: Foul Ball, location: 2F
3-2: Foul Ball, location: 2F
3-2: Strikes out looking
Bottom of the 4th over - 0 runs, 0 hits, 0 errors, 0 left on base; Chicago (NYP) 0 - Tri-City 3
TOP OF THE 5TH
Chicago (NYP) White Sox batting - Pitching for Tri-City ValleyCats : RHP Hector Carrillo
Batting: RHB Andy Huntley 0-0: Called Strike
0-1: Ball
1-1: Ball
2-1: Ball
3-1: Base on Balls
Batting: RHB Ighlas Mwara 0-0: Ball
1-0: Fielders Choice at 2nd, 5-4 (Groundball, 56, EV 81.2 MPH)
Batting: RHB Rafael Medina 0-0: Called Strike
Ighlas Mwara steals 2nd base
0-1: Ball
1-1: SINGLE (Line Drive, 3L, EV 96.2 MPH)
Ighlas Mwara to third
Batting: SHB Danny Gallegos 0-0: Foul Ball, location: 2F
0-1: Ball
1-1: Ball
2-1: Called Strike
2-2: SINGLE (Flyball, 89S, EV 86.2 MPH)
Ighlas Mwara scores
Rafael Medina to second
Runner from 2nd tries for 3rd, OUT! 9-5
Batting: RHB Shintaro Katsumata 0-0: Ground out 4-3 (Groundball, 4MS, EV 70.6 MPH)
Top of the 5th over - 1 run, 2 hits, 0 errors, 1 left on base; Chicago (NYP) 1 - Tri-City 3
BOTTOM OF THE 5TH
Tri-City ValleyCats batting - Pitching for Chicago (NYP) White Sox : RHP Rick Sacket
Batting: RHB Hugo Priego 0-0: Foul Ball, location: 2F
0-1: Swinging Strike
0-2: Ball
1-2: Strikes out looking
Batting: RHB Josh Broome 0-0: SINGLE (Groundball, 4S, EV 64.4 MPH) (infield hit)
Batting: LHB Lou Toth 0-0: Swinging Strike
0-1: Called Strike
0-2: Strikes out swinging
Pitching: RHP Mason Broderick
Batting: RHB Roger Pelley 0-0: Called Strike
0-1: Called Strike
0-2: Strikes out swinging
Bottom of the 5th over - 0 runs, 1 hit, 0 errors, 1 left on base; Chicago (NYP) 1 - Tri-City 3
TOP OF THE 6TH
Chicago (NYP) White Sox batting - Pitching for Tri-City ValleyCats : RHP Hector Carrillo
Batting: RHB Steve Byerly 0-0: Ball
1-0: SINGLE (Groundball, 6D, EV 105.0 MPH)
Batting: RHB Sean Peake 0-0: Called Strike
0-1: Ball
Steve Byerly is caught stealing 2nd base 2-4
1-1: Called Strike
1-2: Foul Ball, location: 2F
1-2: Foul Ball, location: 2F
1-2: Strikes out swinging
Batting: RHB Yorkis Saiki 0-0: Ball
1-0: Ball
2-0: Called Strike
2-1: Foul Ball, location: 2F
2-2: Strikes out swinging
Top of the 6th over - 0 runs, 1 hit, 0 errors, 0 left on base; Chicago (NYP) 1 - Tri-City 3
BOTTOM OF THE 6TH
Tri-City ValleyCats batting - Pitching for Chicago (NYP) White Sox : RHP Mason Broderick
Batting: SHB Terciero Ortiz 0-0: Called Strike
0-1: Foul Ball, location: 2F
0-2: Strikes out swinging
Batting: RHB John Moore 0-0: Called Strike
0-1: Ground out 6-3 (Groundball, 6, EV 91.2 MPH)
Batting: RHB Keith Goodwin 0-0: Ball
1-0: Called Strike
1-1: Ball
2-1: Foul Ball, location: 2F
2-2: Ground out U3 (Groundball, 34, EV 96.2 MPH)
Bottom of the 6th over - 0 runs, 0 hits, 0 errors, 0 left on base; Chicago (NYP) 1 - Tri-City 3
TOP OF THE 7TH
Chicago (NYP) White Sox batting - Pitching for Tri-City ValleyCats : RHP Hector Carrillo
Batting: SHB Manny Berrones 0-0: Ball
1-0: Swinging Strike
1-1: SINGLE (Groundball, 34D, EV 108.1 MPH)
Batting: RHB Andy Huntley 0-0: Foul Ball, location: 2F
0-1: Foul Ball, location: 2F
0-2: Foul Ball, location: 2F
0-2: Ball
1-2: Ball
2-2: SINGLE (Line Drive, 7LS, EV 96.2 MPH)
Manny Berrones to second
Pitching: RHP Brian Trejo
Batting: RHB Ighlas Mwara 0-0: Bunted foul
0-1: Sac Bunt to 13S - play at first, batter OUT! 1-4
Manny Berrones to third
Andy Huntley to second
Batting: RHB Rafael Medina 0-0: Ball
1-0: Foul Ball, location: 2F
1-1: Ball
2-1: SINGLE (Groundball, 6MD, EV 103.8 MPH)
Manny Berrones scores
Andy Huntley to third
Runner from 3rd tries for Home, SAFE, throw by CF to home
Batting: SHB Danny Gallegos 0-0: Called Strike
Rafael Medina steals 2nd base (no throw)
0-1: Ball
1-1: Ball
2-1: SINGLE (Flyball, 56D, EV 96.9 MPH)
Rafael Medina to third
Runner from 3rd tries for Home, SAFE, throw by LF to home
Batting: RHB Shintaro Katsumata 0-0: Ground out 4-3 (Groundball, 34, EV 95.0 MPH)
Danny Gallegos to second
Batting: RHB Steve Byerly 0-0: Intentional Walk
Batting: RHB Sean Peake 0-0: Ball
1-0: Fly out, F7 (Flyball, 7, EV 98.1 MPH)
Top of the 7th over - 3 runs, 4 hits, 0 errors, 2 left on base; Chicago (NYP) 4 - Tri-City 3
BOTTOM OF THE 7TH
Tri-City ValleyCats batting - Pitching for Chicago (NYP) White Sox : RHP Mason Broderick
Batting: RHB Domingas Saragoa 0-0: Ground out 6-3 (Groundball, 6, EV 81.2 MPH)
Batting: RHB Patrick Pinault 0-0: Foul Ball, location: 2F
0-1: Ball
1-1: Swinging Strike
1-2: Ball
2-2: Ball
3-2: Base on Balls
Batting: RHB Hugo Priego 0-0: Ball
1-0: Fly out, F8 (Line Drive, 8LM, EV 111.2 MPH)
Batting: RHB Josh Broome 0-0: Ball
1-0: Swinging Strike
1-1: Foul Ball, location: 2F
1-2: Ball
2-2: Ground out 5-3 (Groundball, 56, EV 80.6 MPH)
Bottom of the 7th over - 0 runs, 0 hits, 0 errors, 1 left on base; Chicago (NYP) 4 - Tri-City 3
TOP OF THE 8TH
Chicago (NYP) White Sox batting - Pitching for Tri-City ValleyCats : RHP Brian Trejo
Batting: RHB Yorkis Saiki 0-0: Ball
1-0: Ground out 4-3 (Groundball, 4, EV 85.0 MPH)
Batting: SHB Manny Berrones 0-0: Foul Ball, location: 2F
0-1: Ground out 4-3 (Groundball, 4S, EV 78.8 MPH)
Batting: RHB Andy Huntley 0-0: Called Strike
0-1: Ball
1-1: SINGLE (Groundball, 34D, EV 100.0 MPH)
Batting: RHB Ighlas Mwara 0-0: Called Strike
0-1: Called Strike
0-2: Strikes out swinging
Top of the 8th over - 0 runs, 1 hit, 0 errors, 1 left on base; Chicago (NYP) 4 - Tri-City 3
BOTTOM OF THE 8TH
Tri-City ValleyCats batting - Pitching for Chicago (NYP) White Sox : RHP Mason Broderick
Batting: LHB Lou Toth 0-0: Ball
1-0: Ball
2-0: Foul Ball, location: 2F
2-1: Swinging Strike
2-2: Ball
3-2: Strikes out swinging
Batting: RHB Roger Pelley 0-0: Ball
1-0: Called Strike
1-1: Fly out, F9 (Flyball, 89XD, EV 106.9 MPH)
Batting: SHB Terciero Ortiz 0-0: Foul Ball, location: 2F
0-1: Ball
1-1: Called Strike
1-2: Ball
2-2: Ball
3-2: Strikes out swinging
Bottom of the 8th over - 0 runs, 0 hits, 0 errors, 0 left on base; Chicago (NYP) 4 - Tri-City 3
TOP OF THE 9TH
Chicago (NYP) White Sox batting - Pitching for Tri-City ValleyCats : RHP Brian Trejo
Pitching: LHP T.J. Westover
Batting: RHB Rafael Medina 0-0: Foul Ball, location: 2F
0-1: Fly out, F7 (Flyball, 7LD, EV 101.9 MPH)
Batting: SHB Danny Gallegos 0-0: Called Strike
0-1: Swinging Strike
0-2: Strikes out swinging
Batting: RHB Shintaro Katsumata 0-0: Ball
1-0: Ball
2-0: Swinging Strike
2-1: Foul Ball, location: 2F
2-2: Strikes out swinging
Top of the 9th over - 0 runs, 0 hits, 0 errors, 0 left on base; Chicago (NYP) 4 - Tri-City 3
BOTTOM OF THE 9TH
Tri-City ValleyCats batting - Pitching for Chicago (NYP) White Sox : RHP Mason Broderick
Pitching: RHP Mike Wheeler
Now in LF: Bastiaan Leenders
Batting: RHB John Moore 0-0: Called Strike
0-1: Foul Ball, location: 2F
0-2: Strikes out swinging
Batting: RHB Keith Goodwin 0-0: Ball
1-0: Foul Ball, location: 2F
1-1: Fly out, F4 (Line Drive, 4, EV 71.9 MPH)
Pinch Hitting: LHB Lu-po-teh Zhou 0-0: Ball
1-0: Swinging Strike
1-1: Foul Ball, location: 2F
1-2: Strikes out swinging
Bottom of the 9th over - 0 runs, 0 hits, 0 errors, 0 left on base; Chicago (NYP) 4 - Tri-City 3
Sunday, July 16th , 2023 - OOTP Baseball 24.6 Build 69